 Dungeon Crawl Stone Soup version 0.27.1-33-g824d729ab1 (webtiles) character file.

Game seed: 4996968574189946030

35 SensoryNuts the Slasher (level 3, 0/31 HPs)
             Began as a Draconian Berserker on Dec 6, 2021.
             Was a Follower of Trog.
             Slain by a goblin (2 damage)
             ... led by Robin
             ... on level 2 of the Dungeon.
             The game lasted 00:02:16 (1136 turns).

SensoryNuts the Slasher (Draconian Berserker)       Turns: 1136, Time: 00:02:17

Health: 0/31       AC:  5    Str: 20    XL:     3   Next: 17%
Magic:  3/3        EV: 12    Int:  7    God:    Trog [*.....]
Gold:   45         SH:  0    Dex: 10    Spells: 2/2 levels left

rFire    . . .     SeeInvis .   a - +0 falchion
rCold    . . .     Faith    .   (no shield)
rNeg     . . .     Spirit   .   (armour unavailable)
rPois    .         Reflect  .   (helmet restricted)
rElec    .         Harm     .   (no cloak)
rCorr    .         Rampage  .   (no gloves)
Will     .....                  (no boots)
Stlth    +.........             (no amulet)
HPRegen  0.10/turn              (no ring)
MPRegen  0.08/turn              (no ring)

@: lethally poisoned (0 -> -19)
A: AC +5, unfitting armour, cold-blooded
a: Renounce Religion, Berserk


You were on level 2 of the Dungeon.
You worshipped Trog.
Trog was aware of your devotion.
You visited 1 branch of the dungeon, and saw 2 of its levels.

You collected 45 gold pieces.

Inventory:

Hand Weapons
 a - a +0 falchion (weapon)
Missiles
 d - 11 arrows
Armour
 i - a +0 helmet
 k - a +0 leather armour
 n - a +0 ring mail
Magical Staves
 m - a staff of death
Scrolls
 b - a scroll of vulnerability {unknown}
 f - a scroll of noise {unknown}
 h - a scroll of identify {unknown}
 j - a scroll of teleportation {unknown}
Potions
 c - a potion of degeneration {unknown}
 e - a potion of brilliance {unknown}
 g - a potion of curing {unknown}
 l - a potion of mutation {unknown}


   Skills:
 + Level 3.6 Fighting
 + Level 3.7 Long Blades
 + Level 3.0 Dodging


You had 2 spell levels left.
You didn't know any spells.
Your spell library contained the following spells:

 Spells                   Type           Power      Damage    Failure   Level
 Magic Dart               Conj           0%         1d3       43%         1
 Searing Ray              Conj           0%         3d3       56%         2
 Fulminant Prism          Conj/Hex       0%         3d6       99%         4


Dungeon Overview and Level Annotations

Branches:
Dungeon (2/15)

Altars:

Annotations:
D:2 Robin


Innate Abilities, Weirdness & Mutations

Your plain brown scales are hard. (AC +5)
You cannot fit into any form of body armour.
You are cold-blooded and may be slowed by cold attacks.


Message History

You closely miss the goblin.
You tail-slap the goblin, but do no damage.
The goblin is severely wounded.
You feel sick. The goblin hits you with a +0 dagger.
The goblin hits you with a +0 club.
A goblin comes into view. It is wielding a +0 club.
The goblin barely misses you. The goblin hits you but does no damage.
You completely miss the goblin.
Your tail-slap misses the goblin.
You feel sick. The goblin barely misses you.
You riposte.
You hit the goblin.
You kill the goblin!
Trog accepts your kill. The goblin hits you but does no damage.
The goblin barely misses you.
You riposte.
You hit the goblin.
You kill the goblin!
Trog accepts your kill.
The goblin hits you with a +2 dagger of venom.
You are more poisoned.
The goblin barely misses you. Robin throws the goblin at you!
The goblin barely misses you.
You riposte.
You hit the goblin.
The goblin is severely wounded.
You hit the hobgoblin.
Your tail-slap misses the hobgoblin.
The hobgoblin is almost dead.
You feel very sick. The goblin barely misses you.
You riposte.
You barely miss the goblin. The hobgoblin barely misses you.
A goblin comes into view. It is wielding a +0 club.
The goblin hits you with a +2 dagger of venom.
You are more poisoned.
The goblin hits you with a +0 club.
* * * LOW HITPOINT WARNING * * *
The goblin completely misses you.
You riposte.
You hit the goblin.
You kill the goblin!
Trog accepts your kill.
You hit the goblin.
You kill the goblin!
Trog accepts your kill.
* * * LOW HITPOINT WARNING * * *
You feel very sick. The goblin hits you with a +0 club.
You die...

#..<................+++++..
##################.........
#...†#######. #.##.#
####....# ##.....###
##......# #..gg)†######.
#.#.)@gg......(
#####..#####. ##g# ... .##g
.# # .. .#


You could see Robin, a hobgoblin (strong) and 4 goblins.

Vanquished Creatures
  An adder (D:2)
  A worm (D:2)
  A dart slug (D:2)
  A ball python (D:1)
  2 endoplasms (D:1)
  4 goblins (D:2)
  4 hobgoblins
  A kobold (D:1)
  4 bats
  A frilled lizard (D:1)
  2 rats
22 creatures vanquished.

Notes
Turn   | Place    | Note
-------+----------+-------------------------------------------
     0 | D:1      | SensoryNuts the Draconian Berserker began the quest for the
                  | Orb.
     0 | D:1      | Reached XP level 1. HP: 19/19 MP: 1/1
   544 | D:1      | Reached XP level 2. HP: 26/26 MP: 2/2
  1009 | D:2      | Reached XP level 3. HP: 24/31 MP: 3/3
  1128 | D:2      | Noticed Robin
  1136 | D:2      | Slain by a goblin

Illustrated notes

Levels and vault maps discovered:
D:1:      dpeg_arrival_rooms_b, layout_loops_ring, skrybe_limestone_x
D:2:      layout_loops_cross, hellmonk_ecumenical_altar_heavens_door,
          uniq_crazy_yiuf_cottage, uniq_robin

Skill      XL: |  1  2 |
---------------+-------+-----
Dodging        | 3 |  3.0
Fighting       | |  3.6
Long Blades    | |  3.7

Action                   || total
-------------------------++-------
Melee: Falchion          ||    43
       Tailslap          ||     8
Armor: Skin              ||    26
Dodge: Dodged            ||    57
       Rpst.: Falchion   ||    21
